 Dungeon Crawl Stone Soup version 0.30.0-19-g36f170ea60 (webtiles) character file.

Game seed: 1348560462860598253

81 Heoruswealwe the Conjurer (level 4, -5/24 HPs)
             Began as a Deep Elf Conjurer on May 29, 2023.
             Shot with an arrow by a centaur (10 damage)
             ... on level 6 of the Dungeon on May 30, 2023.
             The game lasted 00:32:05 (2569 turns).

Heoruswealwe the Conjurer (Deep Elf Conjurer)       Turns: 2569, Time: 00:32:06

Health: -5/24      AC:  2    Str:  4    XL:     4   Next: 20%
Magic:  9/12       EV: 12    Int: 25    God:
Gold:   38         SH:  0    Dex: 13    Spells: 1/12 levels left

rFire   . . .        a - staff of earth
rCold   + . .        (no shield)
rNeg    . . .        c - +0 robe
rPois   .            (no helmet)
rElec   .            (no cloak)
rCorr   .            (no gloves)
SInv    .            (no boots)
Will    .....        (no amulet)
Stlth   ++           k - ring of protection from cold
HPRegen 0.24/turn    (no ring)
MPRegen 0.13/turn

%: no passive effects
@: no status effects
A: no striking features
a: no special abilities


You were on level 6 of the Dungeon.
You visited 1 branch of the dungeon, and saw 4 of its levels.

You collected 38 gold pieces.

Inventory:

Hand Weapons
 b - a +0 hand axe
Armour
 c - a +0 robe (worn)
Magical Staves
 a - a staff of earth (weapon)
Jewellery
 k - a ring of protection from cold (left hand)
Scrolls
 d - a scroll of amnesia {unknown}
 e - a scroll of poison {unknown}
 j - a scroll of fog {unknown}
 m - 2 scrolls of identify {unknown}
 n - a scroll of fear {unknown}
 o - a scroll of immolation {unknown}
 q - a scroll of teleportation {unknown}
Potions
 f - a potion of degeneration {unknown}
 g - a potion of brilliance {unknown}
 h - 2 potions of curing {unknown}
 i - a potion of resistance {unknown}
 l - 2 potions of might {unknown}
 p - a potion of magic


   Skills:
 - Level 2.4 Dodging
 - Level 2.4 Stealth
 + Level 4.8 Spellcasting
 + Level 5.4 Conjurations


You had one spell level left.
You knew the following spells:

 Your Spells              Type           Power      Damage    Failure   Level
a - Magic Dart            Conj           100%       1d8       1%          1
b - Searing Ray           Conj           66%        2d6       1%          2
c - Stone Arrow           Conj/Erth      58%        3d10      9%          3
d - Dazzling Flash        Conj/Hex       38%        N/A       9%          3
z - Passwall              Tmut/Erth      7%         N/A       13%         2

Your spell library contained the following spells:

 Spells                   Type           Power      Damage    Failure   Level
 Sandblast                Erth           18%        2d7       9%          1
 Call Canine Familiar     Summ           6%         N/A       26%         3
 Portal Projectile        Hex/Tloc       12%        N/A       26%         3
 Fulminant Prism          Conj/Hex       9%         3d7       26%         4
 Iskenderun's Mystic Bla  Conj/Tloc      19%        2d6       26%         4
 Leda's Liquefaction      Hex/Erth       4%         N/A       63%         4


Dungeon Overview and Level Annotations

Branches:
Dungeon (3/15)

Altars:


Message History

There is an open door here.
There is an open door here.
There is an escape hatch in the floor here.
Okay, then.
Adjust to which letter? (? for menu, Esc to quit)
a - a staff of earth;
q - a scroll labelled OFIRABLA NAKUAL
a - a staff of earth (weapon)
You slide downwards.
The hatch slams shut behind you.
Found a falchion.
The magic dart hits the rat.
You kill the rat!
You see here a rat corpse.
You see here a +0 falchion.
You see here a rat corpse.
Found 19 gold pieces.
A sourceless malevolence fills the Dungeon...
You fall into a shaft and drop 3 floors!
The shaft crumbles and collapses.
Found a hand axe.
Found 8 gold pieces.
You see here a +0 hand axe.
An orc comes into view. It is wielding a +0 club.
The magic dart hits the orc.
You kill the orc!
A centaur comes into view.
The centaur shouts!
The centaur wields a +0 shortbow.
The centaur shoots an arrow.
The arrow hits you!
You see here 8 gold pieces.
The magic dart hits the centaur.
The centaur is moderately wounded.
The centaur shoots an arrow.
The arrow hits you.
The magic dart hits the centaur but does no damage.
The centaur is moderately wounded.
The centaur shoots an arrow.
The arrow hits you!
* * * LOW HITPOINT WARNING * * *
The centaur shoots an arrow.
The arrow misses you.
A kobold comes into view. It is wielding a +0 whip.
The centaur shoots an arrow.
The arrow hits you!
You die...

#..#########..........
#............#####..
##.#########.##...
#.##.# #....# ###.#..#
...#.)# ###.#..#####
#@.........
#.#..####.. #$#..#
#.#..# #.#... #.....#
#...).# #.c.... K...


You could see a centaur.

Vanquished Creatures
  3 adders (D:2)
  2 worms (D:2)
  2 dart slugs (D:2)
  An orc (D:6)
  A ball python (D:1)
  5 endoplasms
  A giant cockroach (D:1)
  3 goblins
  5 hobgoblins
  4 jackals (D:2)
  2 quokkas (D:2)
  3 bats
  A frilled lizard (D:2)
  5 kobolds
  2 rats
40 creatures vanquished.

Notes
Turn   | Place    | Note
-------+----------+-------------------------------------------
     0 | D:1      | Heoruswealwe the Deep Elf Conjurer began the quest for the
                  | Orb.
     0 | D:1      | Reached XP level 1. HP: 10/10 MP: 6/6
   586 | D:1      | Reached XP level 2. HP: 15/15 MP: 3/8
   589 | D:1      | Learned a level 2 spell: Searing Ray
   882 | D:2      | Reached skill level 5 in Conjurations
   882 | D:2      | Reached XP level 3. HP: 19/19 MP: 5/10
  1024 | D:2      | Learned a level 2 spell: Passwall
  1028 | D:2      | Learned a level 3 spell: Stone Arrow
  1422 | D:1      | You fall into a shaft and drop 1 floor!
  1731 | D:2      | Reached XP level 4. HP: 24/24 MP: 7/12
  1735 | D:2      | Learned a level 3 spell: Dazzling Flash
  2550 | D:3      | You fall into a shaft and drop 3 floors!
  2565 | D:6      | Noticed a centaur
  2569 | D:6      | Shot with an arrow by a centaur

Illustrated notes

Levels and vault maps discovered:
D:1:      wander_arrival_lonely_grave, layout_basic, minmay_tetromino_s4
D:2:      layout_basic, serial_bayou, serial_bayou_pond_e, serial_bayou_shore_a,
          serial_bayou_shore_b, serial_bayou_ford_a, serial_bayou_lake_a,
          serial_park_tiny_2, kennysheep_generic_room_9
D:3:      layout_loops_ring, mainiacjoe_overflow_six_doors_small,
          serial_park_tiny_2, uniq_natasha
D:6:      layout_loops_ring, okawaru_trees_1, nicolae_uskayaw_dance_hall,
          minmay_shop_damaged

Skill      XL: |  1  2 |
---------------+-------+-----
Spellcasting   | 4 |  4.8
Conjurations   | 5 |  5.4
Dodging        | |  2.4
Stealth        | |  2.4

Action                     |  1- 3 |  4- 6 || total
---------------------------+-------+-------++-------
  Melee: Unarmed           |   226 |    94 ||   320
         Punch             |     2 |     8 ||    10
         Hand axe          |       |   138 ||   138
   Cast: Magic Dart        |    76 |    10 ||    86
         Searing Ray       |       |     1 ||     1
 Armour: Robe              |     2 |       ||     2
  Dodge: Dodged            |    24 |     1 ||    25
